Map: Givre EC

Players

Nurbol - Winner!

  • Race: Terran Terran
  • League: Gold
  • Spawn Location: 7:00

zidar

  • Race: Zerg Zerg
  • League: Platinum
  • Spawn Location: 5:00

VOD

Have the link to the VOD?

Description

Time

  • Played on: Oct. 14, 2016, 12:05 p.m.
  • Length: 23:25
Show
View Real Time Build Order
Export as new Build Order

Nurbol Terran - Winner!

Build Orders: 1/1/1, Liberator Opening 

Get SALT Encoding   

  12  0:01  SCV  
  13  0:13  SCV  
  14  0:24  Supply Depot  
  14  0:25  SCV  
  15  0:28  Refinery  
  15  0:45  SCV  
  15  0:46  Barracks  
  16  0:57  SCV  
  16  1:01  Supply Depot  
  17  1:10  SCV  
  18  1:16  Refinery  
  18  1:22  SCV  
  19  1:38  Factory  
  19  1:43  SCV  
  19  1:45  Marine  
  21  1:55  Orbital Command  
  21  2:05  Barracks Reactor, Supply Depot  
  21  2:25  SCV  
  21  2:29  Starport  
  22  2:42  Factory Reactor  
  22  2:56  SCV  
  23  3:00  Supply Depot  
  23  3:05  Marine  
  24  3:08  SCV  
  24  3:09  Supply Depot  
  25  3:13  Liberator x2  
  32  3:49  Widow Mine  
  32  3:51  Bunker  
  32  3:55  SCV  
  33  3:56  Liberator  
  33  3:59  Liberator  
  33  4:11  Command Center, SCV  
  40  4:26  Marine x2  
  42  5:18  Liberator  
  42  5:19  Liberator  
  42  5:37  Marine x2  
  42  5:40  SCV  
  51  5:52  SCV  
  51  5:55  Marine x2  
  54  6:01  Liberator  
  54  6:04  SCV  
  54  6:07  Orbital Command  
  55  6:12  Command Center  
  55  6:13  Marine x2  
  57  6:25  Command Center  
  60  6:30  Marine  
  61  6:35  Factory Tech Lab  
  61  6:44  Orbital Command  
  61  6:56  SCV  
  62  7:06  Starport  
  62  7:07  Starport x2  
  62  7:08  SCV  
  63  7:11  Armory  
  63  7:20  SCV  
  64  7:28  Refinery  
  64  7:29  Refinery  
  64  7:32  SCV  
  65  7:44  SCV  
  66  8:02  Starport Tech Lab x2  
  66  8:03  Starport Tech Lab  
  66  8:09  Fusion Core  
  66  8:14  Engineering Bay  
  66  8:16  Orbital Command  
  66  9:12  Missile Turret, Battlecruiser x3  
  66  9:15  Missile Turret  
  84  9:21  Planetary Fortress  
  84  9:27  SCV x3  
  87  9:36  Missile Turret x2  
  87  9:39  SCV x3, Supply Depot  
  87  9:40  Supply Depot  
  87  9:42  Hi-Sec Auto Tracking  
  90  9:51  SCV  
  91  10:00  Marine x2  
  91  10:03  Supply Depot  
  93  10:11  Supply Depot  
  93  10:12  Supply Depot  
  93  10:13  Supply Depot  
  93  10:18  Marine x2  
  93  10:21  Refinery  
  95  10:24  SCV  
  95  10:25  Refinery  
  95  10:26  SCV, Supply Depot  
  97  10:35  Marine  
  97  10:36  Marine, SCV, Supply Depot  
  97  10:37  Supply Depot  
  100  10:45  Missile Turret x2  
  100  10:52  SCV x4  
  104  11:02  Terran Ship Weapons Level 1  
  105  11:04  SCV x2  
  105  11:05  Missile Turret  
  105  11:07  Armory  
  105  11:08  Missile Turret  
  106  11:11  Missile Turret  
  106  11:22  Missile Turret  
  106  11:25  Missile Turret  
  106  11:28  Missile Turret  
  106  11:32  Missile Turret  
  106  11:34  SCV  
  107  11:46  SCV  
  108  11:51  SCV  
  108  11:52  SCV x2  
  111  11:54  Missile Turret  
  111  11:57  Supply Depot  
  111  11:58  SCV, Supply Depot  
  112  12:05  Missile Turret  
  112  12:09  Weapon Refit  
  112  12:10  SCV  
  112  12:14  Terran Vehicle And Ship Armor Level 1  
  113  12:20  Supply Depot  
  113  12:21  Command Center  
  113  12:22  SCV, Supply Depot  
  113  12:40  Battlecruiser  
  119  12:55  Starport  
  119  12:57  Starport  
  119  13:00  Command Center  
  119  13:23  Neosteel Armor  
  119  13:34  Planetary Fortress  
  119  13:38  Refinery  
  119  13:52  Missile Turret  
  119  13:54  Missile Turret  
  119  14:00  Refinery  
  119  14:02  Starport Tech Lab x2  
  119  14:04  Battlecruiser x3  
  136  14:13  Missile Turret  
  136  14:21  Starport x2  
  136  14:25  Starport  
  136  14:27  Planetary Fortress  
  136  14:30  Missile Turret  
  136  14:40  Battlecruiser x2  
  136  14:44  Terran Ship Weapons Level 2, Terran Vehicle And Ship Armor Level 2  
  148  14:47  Behemoth Reactor  
  148  14:50  Missile Turret  
  148  14:57  Refinery  
  148  15:02  Refinery  
  148  15:05  Supply Depot  
  148  15:08  Supply Depot, Battlecruiser  
  148  15:12  Missile Turret  
  155  15:21  SCV  
  155  15:27  Supply Depot  
  155  15:29  Starport Tech Lab x3  
  155  15:32  Supply Depot  
  155  15:33  SCV  
  156  15:45  SCV  
  156  15:49  Battlecruiser x3  
  175  15:54  Supply Depot  
  175  15:57  SCV  
  175  15:59  Supply Depot  
  176  16:09  SCV  
  177  16:18  Supply Depot  
  177  16:20  SCV  
  177  16:21  SCV  
  177  16:23  Supply Depot  
  178  16:32  SCV  
  179  16:34  SCV  
  179  16:37  Command Center  
  180  16:42  Supply Depot  
  180  16:43  Command Center  
  180  16:44  SCV, Battlecruiser x3  
  199  16:47  Supply Depot  
  199  16:56  SCV, Supply Depot x3  
  199  16:57  Supply Depot  
  199  16:58  Supply Depot  
  199  17:09  SCV  
  200  17:24  Supply Depot  
  176  17:57  Battlecruiser x3  
  176  17:58  Battlecruiser  
  162  19:10  Terran Ship Weapons Level 3  
  162  19:11  Terran Vehicle And Ship Armor Level 3  
  162  19:14  Battlecruiser x3  
  150  19:59  Battlecruiser x3  
  174  20:00  Battlecruiser  
  174  20:15  Planetary Fortress  
  174  20:27  Planetary Fortress  
  174  20:43  Command Center  
  174  20:46  Command Center  
  174  20:49  Battlecruiser  
  180  20:50  Refinery  
  180  21:04  Supply Depot  
  180  21:05  Supply Depot x2  
  180  21:06  Supply Depot  
  180  21:13  SCV  
  181  21:20  Battlecruiser  
  181  21:25  SCV  
  188  21:29  Supply Depot  
  188  21:30  Supply Depot  
  188  21:32  Supply Depot  
  188  21:37  Refinery, SCV  
  189  21:41  SCV  
  190  21:47  Refinery  
  190  21:49  SCV  
  190  21:52  Refinery  
  190  21:53  SCV  
  191  22:05  SCV  
  191  22:38  Planetary Fortress  
  191  22:55  SCV  
  192  23:07  SCV  
Show
View Real Time Build Order
Export as new Build Order

zidar Zerg 

Build Orders: Hatch First 

Get SALT Encoding   

  12  0:01  Drone  
  13  0:13  Overlord  
  13  0:17  Drone  
  14  0:31  Drone x2  
  14  0:35  Drone  
  17  0:55  Hatchery  
  16  0:58  Drone  
  16  1:02  Extractor  
  16  1:04  Drone  
  17  1:21  Spawning Pool  
  17  1:24  Drone  
  17  1:28  Drone  
  18  1:34  Drone  
  19  2:01  Drone  
  19  2:08  Queen  
  20  2:09  Metabolic Boost  
  20  2:11  Queen  
  20  2:15  Zergling x4  
  26  2:23  Drone  
  27  2:34  Roach Warren  
  26  2:43  Spore Crawler  
  25  2:45  Spore Crawler  
  25  2:59  Baneling Nest  
  25  3:00  Lair  
  24  3:14  Overlord x2  
  24  3:27  Extractor  
  24  3:32  Queen  
  25  3:34  Drone  
  25  3:35  Drone x4  
  30  3:45  Zergling x2  
  30  3:46  Zergling x4  
  33  3:54  Drone x2  
  35  4:07  Pneumatized Carapace  
  35  4:08  Baneling x3  
  35  4:09  Baneling x2  
  35  4:16  Drone  
  36  4:17  Overlord  
  36  4:36  Extractor  
  37  4:38  Drone x4  
  37  4:43  Extractor  
  32  5:19  Queen  
  34  5:26  Spire  
  34  5:27  Drone x9  
  37  6:00  Evolution Chamber  
  37  6:01  Evolution Chamber  
  37  6:02  Drone x2  
  37  6:04  Drone x6  
  43  6:26  Drone  
  43  6:31  Overlord x2  
  43  6:32  Overlord  
  44  6:38  Zerg Flyer Weapons Level 1  
  44  6:43  Zerg Melee Weapons Level 1  
  44  6:49  Corruptor  
  44  6:51  Corruptor  
  48  7:08  Zerg Ground Armor Level 1  
  48  7:14  Drone x6  
  54  7:17  Drone  
  54  7:19  Drone  
  54  7:21  Drone  
  57  7:51  Zergling x22  
  68  8:10  Hatchery  
  67  8:16  Centrifical Hooks  
  67  8:21  Overlord x4  
  67  8:22  Overlord  
  67  8:24  Baneling x2  
  67  8:25  Baneling x4  
  67  8:42  Corruptor x2  
  67  8:43  Corruptor  
  67  8:47  Drone  
  74  8:55  Spire  
  74  8:57  Zerg Flyer Armor Level 1  
  73  9:07  Infestation Pit  
  72  9:11  Drone x3  
  75  9:39  Zerg Ground Armor Level 2, Zerg Melee Weapons Level 2  
  75  9:49  Corruptor x3  
  75  9:50  Corruptor x2  
  85  10:03  Hive  
  85  10:08  Zerg Flyer Weapons Level 2  
  85  10:19  Drone x5  
  90  10:22  Overlord x2  
  90  10:24  Overseer  
  90  10:36  Overlord x2  
  90  10:53  Drone x12  
  102  11:15  Adrenal Glands  
  102  11:19  Hatchery  
  102  11:22  Greater Spire  
  101  11:29  Corruptor x2  
  101  11:30  Corruptor  
  107  11:38  Drone  
  107  11:39  Drone x5  
  113  11:47  Extractor, Drone x2  
  113  11:51  Extractor  
  113  11:55  Zergling x2  
  113  11:56  Zergling x14  
  113  11:59  Baneling x9  
  121  12:24  Zerg Flyer Armor Level 2  
  121  12:35  Brood Lord  
  121  12:36  Brood Lord x2  
  127  12:42  Overlord x4  
  127  12:43  Overlord x2  
  127  12:44  Overlord x2  
  127  13:03  Brood Lord  
  129  13:06  Corruptor  
  129  13:07  Corruptor x4  
  129  13:08  Corruptor  
  141  13:21  Zerg Melee Weapons Level 3  
  141  14:11  Hatchery  
  140  14:17  Overlord  
  140  14:18  Overlord x2  
  140  14:19  Overlord  
  140  14:21  Zerg Ground Armor Level 3  
  140  14:22  Zerg Flyer Weapons Level 3  
  140  14:38  Extractor  
  139  14:41  Extractor  
  138  15:30  Overseer  
  138  15:39  Zergling x24  
  138  15:40  Zergling x24  
  162  15:44  Baneling x7  
  162  15:45  Baneling x13  
  162  15:48  Corruptor x3  
  162  15:49  Corruptor x4  
  172  15:54  Brood Lord  
  172  15:55  Brood Lord x2  
  182  16:00  Zergling x24  
  182  16:01  Zergling x12  
  200  16:14  Pathogen Glands  
  200  16:22  Ultralisk Cavern  
  198  16:32  Zerg Flyer Armor Level 3  
  198  17:18  Chitinous Plating  
  190  17:41  Corruptor x3  
  190  17:42  Corruptor x3  
  190  17:43  Corruptor x3  
  196  17:45  Corruptor  
  177  17:57  Spore Crawler  
  167  17:58  Spore Crawler  
  167  17:59  Spore Crawler  
  167  18:01  Spore Crawler x3  
  167  18:02  Spore Crawler x2  
  167  18:03  Spore Crawler x2  
  167  18:04  Spore Crawler  
  151  18:05  Spore Crawler  
  127  18:18  Corruptor x2  
  127  18:19  Corruptor  
  81  18:53  Corruptor  
  81  18:54  Corruptor x2  
  73  19:23  Zergling x48  
  73  19:24  Zergling x14  
  96  19:52  Brood Lord x2  
  100  19:53  Brood Lord  
  100  19:56  Baneling x2  
  102  20:23  Drone x11  
  102  20:24  Drone x4  
  102  20:25  Hatchery  
  116  20:32  Extractor  
  116  20:34  Extractor  
  114  21:02  Corruptor x2  
  114  21:03  Corruptor x3  
  124  21:23  Baneling  
  124  21:24  Baneling x8  
  124  22:09  Hatchery  
  105  22:17  Hatchery  
  83  22:36  Corruptor x3  
  87  22:37  Corruptor x3  
  87  22:38  Corruptor x3  
Tags
 
Add a new tag
Caveats
  • Supply blocks, unpowered buildings, or Contaminate may cause inaccurate times.
  • Supply counts are checked every 10 seconds.